Jess, neutral female human Wizard --------------------------------- |...............................| |.------------.....------------ | ..|.!/|...|%!|.....+ |(((|... |.|!!(|...|.%|.....| |(((|... |.|%/.|...|..|.....| |...|.. | |.|.?*|...||--.....----|---|---.| |.-%----|--......[..............| |........I....{......{..).......| |.-|---|---....---|--...........| |.|...|.. ----.|....|.-----|--- | |.|(.(|...| +.|...)|.| |....| |.|(.(|...| |.|.._.|.+ |....| |.|(((|...| |.|....|.| |....| |.------------.------.--------- | |...............................| --------------------------------- Jess the Conjurer Experience level: 5 Strength: 8 Dexterity: 14 Constitution: 17 Intelligence: 18 Wisdom: 10 Charisma: 8 Health: 0(45) Energy: 36(36) Def: 11 Gold: 113 Moves: 2239 Dungeon seed: FyPefN3HDVUa9iR9 Game ID: Jess_1445202482 Your Inventory: Coins $ - 113 gold pieces Weapons a - a blessed +1 quarterstaff (weapon in hands) w - 4 blessed +0 darts Armor e - an uncursed +0 cloak of magic resistance (being worn) n - a blessed +0 dwarvish mithril-coat (being worn) r - an uncursed +0 dwarvish iron helm (being worn) N - an uncursed +0 pair of iron shoes (being worn) Scrolls h - an uncursed scroll of remove curse i - an uncursed scroll of confuse monster j - an uncursed scroll of light s - an uncursed scroll of taming D - an uncursed scroll of magic mapping Spellbooks k - a blessed spellbook of force bolt l - an uncursed spellbook of haste self Potions f - 2 uncursed potions of sleeping g - an uncursed potion of see invisible t - 2 uncursed potions of gain level x - an uncursed potion of object detection Rings c - an uncursed ring of polymorph control d - an uncursed ring of stealth (on left hand) Wands b - a wand of undead turning (0:5) Tools m - a magic marker (0:50) z - 9 uncursed tallow candles (0:200) G - an uncursed oil lamp (0:1335) H - an uncursed towel Spells and supernatural/magical abilities: Name Level Category Fail Memory a - force bolt 1 attack 94% 89% H - haste self 3 escape 100% 89% W - pray for help -- divine ? -- Your skills at the end: Fighting Skills Weapon Skills quarterstaff [Basic] Spellcasting Skills attack spells [Basic] enchantment spells [Basic] Final Attributes: You were piously aligned. You were magic-protected. You were telepathic. You were stealthy. You are dead. Vanquished creatures: a shrieker 5 gnome lords 3 gnomish wizards a floating eye a kitten 4 dwarves 4 killer bees a hobbit 15 gnomes 4 jackals a kobold a sewer rat 2 grid bugs 2 lichens 5 newts 50 creatures vanquished. Voluntary challenges: You used a wielded weapon 34 times, starting on turn 268. You read items or engraved 28 times, starting on turn 333. You never genocided any monsters. You never polymorphed an object. You never changed form. You used no wishes. You never split a pudding. You wrote Elbereth's name 20 times, starting on turn 333. You never violated your personal moral code. Dungeon overview: The Dungeons of Doom: levels 1 to 3 Level 1 (vault) a fountain a long staircase Level 2 an altar to Anhur, some fountains Level 3 stairs to The Gnomish Mines The Gnomish Mines: levels 4 to 7 Level 4 stairs to The Dungeons of Doom Level 5 Level 6 Level 7 <- You were here many shops, a temple to Ptah, some fountains History has recorded: On T:1 you entered the Dungeons of Doom to retrieve the Amulet of Yendor! On T:306 you reached level 2 of The Dungeons of Doom. On T:908 you reached level 3 of The Dungeons of Doom. On T:1103 you reached level 1 of The Gnomish Mines. On T:1216 you reached level 2 of The Gnomish Mines. On T:1450 you reached level 3 of The Gnomish Mines. On T:1451 you reached level 4 of The Gnomish Mines. On T:1500 you advanced to experience level 2. On T:1503 you advanced to experience level 3. On T:1566 you advanced to experience level 4. On T:2205 you advanced to experience level 5. Score breakdown: Gold: 113 ( 6996 points) Experience: 5 levels (11141 points) Exploration: 7 levels ( 14.00%) (10497 points) Discoveries: 4 items ( 1.39%) ( 3535 points) Valuables value: (no points given unless you survive) Artifact value: 0 ( 0 points) Variety of kills: 15 monsters ( 3.94%) ( 5952 points) Turncount: 2239 turns ( -167 points) Survival: died (score multiplied by 80%) Total score: 30363 Latest messages: You faint from lack of food. It bites! It misses. It bites! (2x) You die... Final status: Goodbye Jess the Wizard, killed by a dingo, while fainted from lack of food... You died in The Gnomish Mines on dungeon level 7 with 30363 points, and 113 pieces of gold, after 2239 moves. You were level 5 with a maximum of 45 hit points when you died.